 Dungeon Crawl Stone Soup version 0.31.0-11-ge490571c62 (webtiles) character file.

Game seed: 10564236103326693615

532 qw the Skirmisher (level 7, -1/40 HPs)
             Began as a Deep Elf Hunter on Feb 4, 2024.
             Was an Initiate of Okawaru.
             Slain by a black bear (4 damage)
             ... on level 5 of the Dungeon.
             The game lasted 00:00:13 (2982 turns).

qw the Skirmisher (Deep Elf Hunter)                 Turns: 2982, Time: 00:00:14

Health: -1/40      AC:  6    Str:  9 (10) XL:     7   Next: 3%
Magic:  9/9        EV: 11    Int: 14      God:    Okawaru [......]
Gold:   236        SH:  0    Dex: 18      Spells: 6/6 levels left

rFire   . . .        a - +1 shortbow
rCold   . . .        (shield currently unavailable)
rNeg    . . .        e - +0 ring mail
rPois   .            (no helmet)
rElec   .            (no cloak)
rCorr   .            b - +0 pair of gloves
SInv    .            (no boots)
Will    .....        (no amulet)
Stlth   +            (no ring)
HPRegen 0.26/turn    (no ring)
MPRegen 0.11/turn

%: no passive effects
@: no status effects
A: no striking features
a: Renounce Religion


You were on level 5 of the Dungeon.
You worshipped Okawaru.
Okawaru was noncommittal.
You visited 2 branches of the dungeon, and saw 6 of its levels.

You collected 236 gold pieces.


   Skills:
 - Level 2.0 Fighting
 + Level 10.1 Ranged Weapons
 - Level 1.2 Armour
 - Level 3.8 Dodging
 - Level 1.2 Stealth


You had 6 spell levels left.
You didn't know any spells.
Your spell library was empty.

Inventory:

Hand Weapons
 a - a +1 shortbow (weapon)
Armour
 b - a +0 pair of gloves (worn)
 e - a +0 ring mail (worn)
Wands
 c - a wand of flame (11)
 k - a wand of paralysis (2)
Scrolls
 d - a scroll of identify
Potions
 h - a potion of curing
 j - a potion of cancellation

Dungeon Overview and Level Annotations

Branches:
Dungeon (5/15)             Temple (1/1) D:5

Altars:
Ashenzari
Dithmenos
Fedhas
Gozag
Hepliaklqana
Kikubaaqudgha
Nemelex Xobeh
Okawaru
Ru
Sif Muna
Trog
Vehumet
Wu Jian
Xom
Yredelemnul
Zin
The Shining One


Message History

The black bear misses you. The black bear closely misses you.
The black bear claws you but does no damage.
You shoot an arrow. The arrow hits the black bear.
The black bear is heavily wounded.
The black bear barely misses you. The black bear claws you.
The black bear claws you but does no damage.
You shoot an arrow.
The arrow closely misses the black bear.
The black bear barely misses you. The black bear claws you.
The black bear barely misses you.
You shoot an arrow. The arrow hits the black bear!
The black bear is severely wounded.
The black bear barely misses you. The black bear claws you.
The black bear claws you but does no damage.
You shoot an arrow. The arrow hits the black bear!
The black bear is almost dead.
The black bear goes berserk!
You shoot an arrow. The arrow barely misses the black bear.
The black bear bites you.
The black bear claws you but does no damage.
The black bear closely misses you. The black bear bites you.
The black bear closely misses you. The black bear claws you.
You shoot an arrow.
The arrow closely misses the black bear.
The black bear misses you. The black bear closely misses you.
The black bear barely misses you.
You shoot an arrow. The arrow hits the black bear.
The black bear is almost dead.
The black bear bites you but does no damage.
The black bear claws you. x2; The black bear closely misses you.
The black bear claws you.
The black bear claws you but does no damage.
You shoot an arrow.
The arrow hits the black bear but does no damage.
The black bear is almost dead.
The black bear barely misses you.
The black bear claws you but does no damage.
The black bear closely misses you. The black bear bites you!
The black bear claws you.
You die...

#.#...).#..#.#.
#.#.....#..#.#.
#########..........#.#.
#.........#.....#......
#.#.......#.....#......
#.###.#####.#####.###
#...#.....#}...}##...##
#...#.....#.....#.....#
#.....@[)....}.....#...
#...#.h)..#.....#.....#
+...#.....#}...}##...##
#...###.#####.#####.###
#. .......#.....#...%..
.......#.8.8.#...##.
.........8....#+##.
##....#.8.8.#......
#.....#.....#....[.


You could see a black bear (berserk).

Vanquished Creatures
  2 black bears
  A scorpion (D:5)
  A jelly (D:5)
  2 bombardier beetles
  A sleepcap (D:4)
  An iguana (D:4)
  5 adders
  A shadow imp (D:5)
  A dart slug (D:2)
  4 orcs
  9 ball pythons
  11 endoplasms
  4 giant cockroaches
  9 goblins
  7 hobgoblins
  5 jackals
  5 kobolds
  6 quokkas
  2 bats (D:1)
  6 frilled lizards
  8 rats
91 creatures vanquished.

Notes
Turn   | Place    | Note
-------+----------+-------------------------------------------
     0 | D:1      | qw the Deep Elf Hunter began the quest for the Orb.
     0 | D:1      | Reached XP level 1. HP: 12/12 MP: 3/3
     0 | D:1      | 0 ||| qw: Version: 0.3-a-160-g6735b56
     0 | D:1      | 0 ||| qw: Game counter: 4839
     0 | D:1      | 0 ||| qw: Melee chars always use a shield: true
     0 | D:1      | 0 ||| qw: God list: Okawaru
     0 | D:1      | 0 ||| qw: Allow faded altars: false
     0 | D:1      | 0 ||| qw: Do Orc after clearing Dungeon:15 true
     0 | D:1      | 0 ||| qw: Do second Lair branch before Depths: true
     0 | D:1      | 0 ||| qw: Lair rune preference: random
     0 | D:1      | 0 ||| qw: Goals: Normal
     0 | D:1      | 0 ||| PLANNING D:1-11
    90 | D:1      | Reached skill level 6 in Ranged Weapons
    90 | D:1      | Reached XP level 2. HP: 16/16 MP: 4/4
   546 | D:1      | Reached XP level 3. HP: 20/20 MP: 5/5
   679 | D:1      | 679 ||| READING scroll labelled PUTZUHOREU.
   679 | D:1      | 679 ||| ENCHANTING +0 shortbow.
   680 | D:1      | 680 ||| READING scroll labelled QAAHOT YDYE.
   680 | D:1      | 680 ||| IDENTIFYING coppery potion
   681 | D:1      | 681 ||| READING scroll labelled HIMUHE NIDYMP.
   682 | D:1      | 682 ||| DRINKING 2 glowing silvery potions.
   683 | D:1      | 683 ||| DROPPING scroll of butterflies.
   684 | D:1      | 684 ||| DROPPING potion of lignification.
   686 | D:1      | 686 ||| Stepping ~*~*~tactically~*~*~ (cloud).
   690 | D:1      | HP: 5/20 [poisoned by you (poison gas)]
   917 | D:2      | Reached skill level 7 in Ranged Weapons
   917 | D:2      | Reached XP level 4. HP: 25/25 MP: 6/6
   996 | D:2      | Found a blossoming altar of Fedhas.
  1291 | D:2      | 1291 ||| UPGRADING to +0 pair of gloves.
  1296 | D:2      | 1296 ||| UPGRADING to +0 ring mail.
  1306 | D:2      | 1306 ||| DROPPING +0 leather armour.
  1307 | D:2      | 1307 ||| READING scroll of identify.
  1307 | D:2      | 1307 ||| IDENTIFYING fuming yellow potion
  1308 | D:2      | 1308 ||| READING scroll labelled NAKHYM QAOCY.
  1409 | D:2      | 1409 ||| READING scroll labelled GAGEFA IMUM.
  1409 | D:2      | 1409 ||| ENCHANTING +0 shortbow.
  1410 | D:2      | 1410 ||| DROPPING potion of invisibility.
  1416 | D:3      | 1416 ||| STAIRDANCE
  1510 | D:3      | Reached skill level 8 in Ranged Weapons
  1531 | D:3      | Reached XP level 5. HP: 29/29 MP: 7/7
  1928 | D:3      | 1928 ||| READING scroll of identify.
  1928 | D:3      | 1928 ||| IDENTIFYING cyan potion
  1929 | D:3      | 1929 ||| READING 3 scrolls labelled BUSKEI QUPLIR.
  1981 | D:3      | 1981 ||| READING scroll labelled DEPLEABLEJOT.
  1982 | D:3      | 1982 ||| DRINKING 2 fizzy emerald potions.
  1983 | D:3      | 1983 ||| DROPPING 2 scrolls of torment.
  1984 | D:3      | 1984 ||| DROPPING potion of degeneration.
  1985 | D:3      | 1985 ||| DROPPING potion of berserk rage.
  2011 | D:4      | 2011 ||| STAIRDANCE
  2108 | D:4      | Noticed a black bear
  2109 | D:4      | 2109 ||| ZAPPING wand of paralysis (3) at 7,-1 (black bear;
                  | floor).
  2114 | D:4      | Killed a black bear
  2115 | D:4      | Reached skill level 9 in Ranged Weapons
  2119 | D:4      | Found the +18 Lear's hauberk
  2172 | D:4      | Reached XP level 6. HP: 31/35 MP: 8/8
  2456 | D:4      | Found a basalt altar of Yredelemnul.
  2630 | D:4      | 2630 ||| READING 2 scrolls of identify.
  2630 | D:4      | 2630 ||| IDENTIFYING red potion
  2631 | D:4      | 2631 ||| READING scroll of identify.
  2631 | D:4      | 2631 ||| IDENTIFYING bubbling golden potion
  2632 | D:4      | 2632 ||| DRINKING 2 fuming clear potions.
  2633 | D:4      | 2633 ||| DROPPING potion of magic.
  2638 | D:5      | Entered Level 5 of the Dungeon
  2646 | D:5      | Found a staircase to the Ecumenical Temple.
  2647 | D:5      | 2647 ||| PLANNING TEMPLE
  2657 | Temple   | Entered the Ecumenical Temple
  2658 | Temple   | 2658 ||| PLANNING OKAWARU WORSHIP
  2670 | Temple   | Became a worshipper of Warmaster Okawaru
  2671 | Temple   | 2671 ||| PLANNING D:1-11
  2773 | D:5      | 2773 ||| RETREEEEATING.
  2778 | D:5      | Reached skill level 10 in Ranged Weapons
  2780 | D:5      | 2780 ||| RETREEEEATING.
  2782 | D:5      | HP: 7/35 [black bear (6)]
  2783 | D:5      | 2783 ||| DRINKING potion of heal wounds.
  2789 | D:5      | Reached skill level 3 in Dodging
  2797 | D:5      | HP: 7/35 [scorpion (3)]
  2799 | D:5      | Reached skill level 1 in Armour
  2849 | D:5      | Reached XP level 7. HP: 22/40 MP: 9/9
  2981 | D:5      | HP: 10/40 [black bear (5)]
  2982 | D:5      | HP: 3/40 [black bear (7)]
  2982 | D:5      | Slain by a black bear

Levels and vault maps discovered:
D:1:      amcnicky_arrival_choice, layout_loops_cross,
          chequers_serial_rivers_micro_b, nicolae_figureground_sparkle
D:2:      minmay_evil_eye, layout_basic, basic_altar, dk_noncrumbling_3
D:3:      layout_basic, hangedman_abyss_or_decor_stabs, st_stairs_3,
          minmay_misc_feat_tower
D:4:      minmay_skewed_foursquare, layout_cave_pools, marbit_many_paths
D:5:      layout_basic, temple_pool_b, minmay_shop_mass,
          hangedman_decor_growths, minmay_chambers_of_fives
Temple:   eino_wide_crystal_templ

Skill      XL: |  1  2  3  4  5  6 |
---------------+-------------------+-----
Ranged Weapons | 6 7 8 9 10 | 10.1
Fighting       | 2 |  2.0
Dodging        | 3 |  3.8
Armour         | 1 |  1.2
Stealth        | |  1.2

Action                     |  1- 3 |  4- 6 |  7- 9 || total
---------------------------+-------+-------+-------++-------
   Fire: Shortbow          |    65 |   200 |    16 ||   281
  Evoke: Wand              |       |     1 |       ||     1
    Use: Scroll            |     3 |     8 |       ||    11
         Potion            |     1 |     3 |       ||     4
 Armour: Leather armour    |    10 |     5 |       ||    15
         Ring mail         |       |    75 |    23 ||    98
  Dodge: Dodged            |    18 |    70 |    15 ||   103

Table legend:
 A = Non-vault XP
 B = Vault XP
 C = Vault XP percentage of total XP
 D = Non-vault monster count
 E = Vault monster count
 F = Vault count percentage of total count
                 A         B        C        D         E       F
            +---------+---------+-------+---------+---------+-------
      Total |     459 |     301 |  39.6 |      73 |      18 |  19.8
            +---------+---------+-------+---------+---------+-------
        D:1 |      48 |       0 |   0.0 |      27 |       0 |   0.0
        D:2 |      64 |      15 |  19.0 |      14 |       8 |  36.4
        D:3 |     106 |       5 |   4.5 |      21 |       2 |   8.7
        D:4 |     228 |      19 |   7.7 |      10 |       4 |  28.6
        D:5 |      13 |     262 |  95.3 |       1 |       4 |  80.0
            +---------+---------+-------+---------+---------+-------
